 Dungeon Crawl Stone Soup version 0.18-a0-183-gad09a0e (webtiles) character file.

4103 septik the Shield-Bearer (level 10, -4/77 HPs)
             Began as a Formicid Fighter on Nov 23, 2015.
             Was an Elder of Okawaru.
             Slain by a yak (12 damage)
             ... on level 9 of the Dungeon.
             The game lasted 00:14:12 (8463 turns).

septik the Shield-Bearer (Formicid Fighter)         Turns: 8463, Time: 00:14:12

Health: -4/77      AC: 11    Str: 28    XL:     10   Next: 50%
Magic:  13/13      EV: 15    Int:  8    God:    Okawaru [****..]
Gold:   220        SH: 13    Dex: 10    Spells: 0 memorised, 9 levels left

rFire  . . .     SeeInvis +     v - +2 hand axe (venom)
rCold  . . .     Clarity  .     K - +2 ring mail {rPois}
rNeg   . . .     SustAt   .     c - +0 shield
rPois  +         Gourm    .     (helmet unavailable)
rElec  .         Spirit   .     (no cloak)
rCorr  .         Warding  .     y - +0 pair of gloves
rMut   .         Stasis   +     (no boots)
MR     +....                    a - amulet of faith
Stlth  ++........               r - +4 ring of strength
                                t - ring of invisibility

@: heroism, somewhat resistant to hostile enchantments, unstealthy
A: permanent stasis, dig shafts and tunnels, four strong arms, antennae 3
a: Dig, Shaft Self, Heroism, Renounce Religion, Evoke Invisibility


You were on level 9 of the Dungeon.
You worshipped Okawaru.
Okawaru was greatly pleased with you.
You were hungry.

You visited 2 branches of the dungeon, and saw 10 of its levels.

You collected 454 gold pieces.
You spent 234 gold pieces at shops.

Inventory:

Hand Weapons
 n - a +0 war axe
 v - a +2 hand axe of venom (weapon)
Missiles
 f - 232 stones (quivered)
 q - 3 steel tomahawks
Armour
 b - a +0 scale mail
 c - a +0 shield (worn)
 y - a +0 pair of gloves (worn)
 B - a +0 chain mail
 K - a +2 ring mail of poison resistance (worn)
 P - a +0 plate armour
Jewellery
 a - an amulet of faith (around neck)
 l - an uncursed ring of protection from fire
 r - a +4 ring of strength (right hand)
 t - a ring of invisibility (left hand)
 A - a cursed amulet of inaccuracy {unknown}
Wands
 j - a wand of hasting (3)
 u - a wand of flame (25)
 C - a wand of disintegration (15)
 Q - a wand of draining (9)
Scrolls
 g - 5 scrolls of identify
 h - 3 scrolls of noise {unknown}
 i - 4 scrolls of remove curse
 w - a scroll of fear
 z - a scroll of vulnerability {unknown}
 D - 2 scrolls of immolation {unknown}
 F - a scroll of enchant weapon {unknown}
 H - 2 scrolls of fog {unknown}
 I - 2 scrolls of enchant armour {unknown}
Potions
 d - a potion of might
 m - 4 potions of resistance
 o - a potion of brilliance {unknown}
 s - 4 potions of lignification {unknown}
 x - 3 potions of poison {unknown}
 E - a potion of flight {unknown}
 G - a potion of ambrosia {unknown}
 J - a potion of invisibility
 N - 2 potions of curing
 O - 2 potions of heal wounds {unknown}
 S - a potion of haste {unknown}
Books
 L - a book of Alchemy

   Spells                             Type                      Level
   a - Sublimation of Blood           Necromancy                   2
   b - Ignite Poison                  Fire/Transmutation/Poison    3
   c - Alistair's Intoxication        Transmutation/Poison         4
   d - Condensation Shield            Ice                          4
   e - Petrify                        Transmutation/Earth          4
   f - Irradiate                      Conjuration/Transmutation    5
 M - a book of Burglary

   Spells                             Type                      Level
   a - Swiftness                      Charms/Air                   2
   b - Passwall                       Transmutation/Earth          3
   c - Passage of Golubria            Translocation                4
   d - Lee's Rapid Deconstruction     Earth                        5
   e - Darkness                       Hexes                        6
   f - Invisibility                   Hexes                        6
Comestibles
 e - 13 bread rations
 k - a meat ration
 R - 6 chunks of flesh


   Skills:
 + Level 6.9(11.9) Fighting
 * Level 7.8(12.8) Axes
 + Level 6.9(11.9) Armour
 + Level 5.2(10.2) Dodging
 + Level 7.9(12.9) Shields
 + Level 5.2 Evocations


You had 9 spell levels left.
You didn't know any spells.

Dungeon Overview and Level Annotations

Branches:
Dungeon (9/15)             Temple (1/1) D:6
   Lair: D:8-11         Orc: D:9-12

Altars:
Elyvilon
Fedhas
Gozag
Kikubaaqudgha
Makhleb
Okawaru
Qazlal
Ru
Sif Muna
Trog
Vehumet
Xom
Yredelemnul
Zin
The Shining One

Shops:
D:5 =   D:7 [*

Annotations:
D:2 1 runed door


Innate Abilities, Weirdness & Mutations

You are under a permanent stasis effect.
You can dig through walls and to a lower floor.
Your four strong arms can wield two-handed weapons with a shield.
You have a pair of large antennae on your head (SInv).


Message History

You barely miss the yak. You hit the yak.
The yak is poisoned.
The yak is lightly wounded.
The yak gores you!
* * * LOW HITPOINT WARNING * * *
You barely miss the yak.
The yak is lightly wounded.
The yak gores you!
* * * LOW HITPOINT WARNING * * *
You barely miss the yak.
The yak is lightly wounded.
You barely miss the yak.
The yak is lightly wounded.
The yak completely misses you.
You slash the yak!
The yak looks even sicker.
The yak is heavily wounded.
You block the yak's attack.
Drink which item? (? for menu, Esc to quit)
You feel better. The yak gores you!
You die...

# ############ #
#..........# ###### #
#..........#
###...... ###
#..........#
#........
†.###..........# ##.#
#..##..........###..#
##..#..........'@Y.##
###.#..........#####
# #.'..........# #
###.....)....# #
#..........#
#..........#
########+###


You could see a yak.

Vanquished Creatures
  Grinder (D:6)
  5 yaks (D:9)
  A spriggan (D:8)
  A deep elf mage (D:7)
  Eustachio (D:5)
  2 hippogriffs (D:7)
  Menkaure (D:6)
  Duvessa (D:7)
  3 ogres
  2 phantoms
  A big kobold (D:8)
  2 giant frogs (D:7)
  A centaur (D:5)
  A gnoll sergeant (D:5)
  Dowan (D:7)
  A scorpion (D:8)
  6 killer bees (D:9)
  4 wights (D:7)
  2 giant frog zombies
  A jelly (D:6)
  A wasp zombie (D:7)
  A centaur zombie (D:6)
  An orc priest (D:5)
  A centaur skeleton (D:6)
  2 crimson imps
  3 orc wizards (D:5)
  6 hounds
  5 worker ants
  10 adders
  10 gnolls
  2 shadow imps
  A worm (D:3)
  An adder skeleton (D:4)
  3 giant geckos
  8 orcs
  4 giant cockroaches
  5 goblins
  3 hobgoblins (D:3)
  6 jackals
  14 kobolds
  4 quokkas
  5 ball pythons
  4 bats
  A giant gecko skeleton (D:4)
  A giant newt (D:3)
  A goblin skeleton (D:2)
  A jackal zombie (D:5)
  A kobold skeleton (D:2)
  A quokka skeleton (D:8)
  5 rats
149 creatures vanquished.

Notes
Turn   | Place    | Note
--------------------------------------------------------------
     0 | D:1      | septik the Formicid Fighter began the quest for the Orb.
     0 | D:1      | Reached XP level 1. HP: 18/18 MP: 1/1
   282 | D:1      | Reached XP level 2. HP: 16/24 MP: 2/2
  1063 | D:2      | Found a runed door.
  1063 | D:2      | Noticed a human
  1207 | D:2      | You fall through a shaft for 2 floors!
  1220 | D:4      | Reached XP level 3. HP: 13/29 MP: 3/3
  1232 | D:4      | Reached skill level 1 in Dodging
  1232 | D:4      | Reached skill level 4 in Shields
  1447 | D:4      | Reached XP level 4. HP: 29/37 MP: 4/4
  1496 | D:4      | Noticed an ogre
  2097 | D:3      | Reached XP level 5. HP: 42/42 MP: 5/5
  2526 | D:2      | Found a basalt altar of Yredelemnul.
  2810 | D:4      | Killed an ogre
  2810 | D:4      | Reached skill level 1 in Evocations
  2810 | D:4      | Reached XP level 6. HP: 17/48 MP: 6/6
  3099 | D:4      | Reached skill level 5 in Shields
  3341 | D:5      | Entered Level 5 of the Dungeon
  3349 | D:5      | Reached XP level 7. HP: 39/55 MP: 6/8
  3711 | D:5      | Found Jasir's Jewellery Emporium.
  3940 | D:5      | Noticed Eustachio
  3961 | D:5      | Killed Eustachio
  3961 | D:5      | Reached skill level 5 in Fighting
  3961 | D:5      | Reached XP level 8. HP: 47/62 MP: 9/9
  4241 | D:5      | Found an ancient bone altar of Kikubaaqudgha.
  4402 | D:6      | Noticed Menkaure
  4412 | D:6      | Killed Menkaure
  4412 | D:6      | Reached skill level 5 in Armour
  4667 | D:6      | Found a radiant altar of Vehumet.
  4693 | D:6      | Found a staircase to the Ecumenical Temple.
  4702 | Temple   | Entered the Ecumenical Temple
  4907 | Temple   | Became a worshipper of Warmaster Okawaru
  4961 | D:6      | Noticed Grinder
  5027 | D:6      | Killed Grinder
  5027 | D:6      | Reached * piety under Okawaru
  5027 | D:6      | Reached skill level 5 in Axes
  5027 | D:6      | Reached skill level 6 in Shields
  5810 | D:6      | Reached XP level 9. HP: 62/68 MP: 11/11
  6346 | D:7      | Reached ** piety under Okawaru
  6429 | D:7      | Found Seargh's Armour Shop.
  6432 | D:7      | Bought a +2 ring mail of poison resistance for 234 gold pieces
  6574 | D:7      | Found Vaghir's General Store.
  6784 | D:7      | Noticed Duvessa
  6785 | D:7      | Noticed Dowan
  6796 | D:7      | Killed Duvessa
  6805 | D:7      | Killed Dowan
  6805 | D:7      | Reached skill level 7 in Shields
  7489 | D:7      | Reached *** piety under Okawaru
  7982 | D:8      | Reached XP level 10. HP: 75/77 MP: 13/13
  8350 | D:9      | Reached **** piety under Okawaru
  8362 | D:9      | Reached skill level 5 in Dodging
  8420 | D:9      | Reached skill level 5 in Evocations
  8459 | D:9      | HP: 2/77 [yak (13)]
  8463 | D:9      | Slain by a yak

Vault maps used:
D:1:      mushboom_english_gardens
D:2:      nicolae_overflow_hidden_temple, first_bread, supply_closet_lemuel,
          dk_yredelemnul_ordeal
D:3:      hex_tiny
D:5:      kiku_gazebo_pond_becter, serial_shops, shop, uniq_eustachio
D:6:      vehumet_crystals, minmay_temple_entry_mist, uniq_menkaure,
          uniq_grinder
D:7:      serial_shops, kennysheep_mini, shop, uniq_duvessa
D:8:      the_bakery
D:9:      orc_david_3, library_closet, uniq_prince_ribbit1, uniq_erica
Temple:   minmay_temple_curvy_14

Action                   |  1- 3 |  4- 6 |  7- 9 | 10-12 || total
-------------------------+-------+-------+-------+-------++-------
Melee: War axe           |    26 |    24 |       |       ||    50
       Dagger            |    74 |       |       |       ||    74
       Short sword       |    33 |       |       |       ||    33
       Hand axe          |       |    82 |   341 |   111 ||   534
Invok: Heroism           |       |       |     1 |     1 ||     2
 Abil: Shaft Self        |     1 |       |       |       ||     1
       Dig               |       |       |     1 |       ||     1
  Use: Scroll            |     2 |     6 |       |       ||     8
       Potion            |       |       |     1 |     1 ||     2
  Eat: Chunk             |     2 |     6 |    10 |     2 ||    20
       Bread ration      |       |       |     1 |       ||     1
